 Dungeon Crawl Stone Soup version 0.29-a0-275-g389c0b56f3 (webtiles) character file.

Game seed: 8865415157214857492

246 croobank the Sneak (level 6, -8/36 HPs)
             Began as an Octopode Fire Elementalist on Mar 10, 2022.
             Was an Initiate of Vehumet.
             Mangled by a gnoll
             ... wielding a +0 flail
              (9 damage)
             ... on level 4 of the Dungeon.
             The game lasted 00:14:48 (3693 turns).

croobank the Sneak (Octopode Fire Elementalist)     Turns: 3693, Time: 00:14:49

Health: -8/36      AC:  1    Str:  7    XL:     6   Next: 11%
Magic:  7/10       EV:  8    Int: 19    God:    Vehumet [......]
Gold:   146        SH:  0    Dex: 19    Spells: 4/11 levels left

rFire   . . .      SeeInvis .   r - +0 morningstar "Ywusok" {freeze, Drain rC++ Will+}
rCold   + + .      Faith    .   (no shield)
rNeg    . . .      Spirit   .   (helmet restricted)
rPois   .          Reflect  .   (no amulet)
rElec   .          Harm     .   m - +6 ring of dexterity
rCorr   .          Rampage  .   (no ring)
Will    +....                   (no ring)
Stlth   ++++......              (no ring)
HPRegen 0.12/turn               (no ring)
MPRegen 0.12/turn               (no ring)
                                (no ring)
                                (no ring)

@: held
A: almost no armour, amphibious, 8 rings, camouflage 1, gelatinous body 1,
(nimble swimmer 1), tentacles
a: Renounce Religion


You were on level 4 of the Dungeon.
You worshipped Vehumet.
Vehumet was noncommittal.
You visited 2 branches of the dungeon, and saw 5 of its levels.
You also visited: Sewer.

You collected 146 gold pieces.

Inventory:

Hand Weapons
 e - a +2 dagger of electrocution
 r - the +0 morningstar "Ywusok" (weapon) {freeze, Drain rC++ Will+}
   (You found it on level 2 of the Dungeon)

   It freezes those it strikes, dealing additional cold damage.
   It can also slow down cold-blooded creatures.
   rC:        It greatly protects you from cold.
   Drain:     It drains your maximum health when unequipped.
   Will:      It increases your willpower.
 t - a +0 rapier of electrocution
Armour
 i - a +1 buckler
 o - a +0 kite shield
Magical Staves
 n - a staff of poison
Jewellery
 c - an amulet of faith
 m - a +6 ring of dexterity (left tentacle)
Wands
 x - a wand of polymorph (12)
Scrolls
 b - a scroll of torment
 d - a scroll of fog
 h - a scroll of amnesia
 j - 2 scrolls of enchant weapon
 l - 2 scrolls of teleportation
Potions
 a - a potion of magic
 f - 2 potions of brilliance {unknown}
 g - 2 potions of mutation
 k - a potion of ambrosia {unknown}
 p - a potion of resistance {unknown}
 q - a potion of curing
 u - a potion of attraction {unknown}


   Skills:
 + Level 1.3 Maces & Flails
 + Level 3.1 Dodging
 + Level 4.5 Stealth
 + Level 3.0 Spellcasting
 + Level 2.4 Conjurations
 + Level 3.8 Fire Magic


You had 4 spell levels left.
You knew the following spells:

 Your Spells              Type           Power      Damage    Failure   Level
a - Foxfire               Conj/Fire      56%        2x1d6     4%          1
b - Scorch                Fire           34%        2d6       4%          2
c - Flame Wave            Conj/Fire      14%        2d6       38%         4

Your spell library contained the following spells:

 Spells                   Type           Power      Damage    Failure   Level
 Conjure Flame            Conj/Fire      14%        6-21      13%         3
 Animate Skeleton         Necr           4%         N/A       16%         1
 Apportation              Tloc           4%         N/A       16%         1
 Summon Small Mammal      Summ           8%         N/A       16%         1
 Inner Flame              Hex/Fire       10%        N/A       21%         3
 Gell's Gravitas          Tloc           2%         N/A       41%         3
 Teleport Other           Tloc           2%         N/A       41%         3
 Dispersal                Tloc           1%         N/A       100%        6


Dungeon Overview and Level Annotations

Branches:
Dungeon (4/15)             Temple (1/1) D:4           Sewer (visited)

Altars:
Ashenzari
Cheibriados
Dithmenos
Gozag
Makhleb
Okawaru
Qazlal
Ru
Sif Muna
Trog
Uskayaw
Vehumet
Wu Jian
Yredelemnul
Zin
The Shining One

Shops:
D:4 [


Innate Abilities, Weirdness & Mutations

You cannot wear most types of armour.
You are amphibious.
You can wear up to eight rings at the same time.
Your skin changes colour to match your surroundings (Stealth+).
Your rubbery body absorbs attacks. (AC +1, EV +1)
((You are camouflaged when in or above water. (Stealth+)))
You have tentacles for arms and can constrict up to eight enemies at once.


Message History

You constrict the gnoll, but do no damage.
The gnoll hits you with a +0 club.
You puncture the gnoll! You freeze the gnoll.
You kill the gnoll!
Vehumet accepts your kill. The gnoll closely misses you.
The gnoll hits you with a +0 flail!
A gnoll comes into view. It is wielding a +0 halberd.
Casting: Scorch (safe; 4% risk of failure)
Confirm with . or Enter, or press ? or * to list all spells.
You conjure some foxfire!
The gnoll barely misses you. The gnoll hits you with a +0 flail!
* * * LOW HITPOINT WARNING * * *
The gnoll attacks as you move away! The gnoll misses you.
The foxfire hits the gnoll but does no damage.
The foxfire hits the gnoll.
The gnoll is moderately wounded.
The gnoll attacks as you move away! The gnoll misses you.
The gnoll attacks as you move away! The gnoll hits you with a +0 flail!
* * * LOW HITPOINT WARNING * * *
Casting: Foxfire (safe; 4% risk of failure)
Confirm with . or Enter, or press ? or * to list all spells.
Flames lash the gnoll.
The gnoll is almost dead.
The gnoll's fire resistance burns away.
The gnoll misses you.
Casting: Scorch (safe; 4% risk of failure)
Confirm with . or Enter, or press ? or * to list all spells.
You don't know that spell.
Okay, then.
Okay, then.
You feel better. The gnoll closely misses you.
The gnoll attacks as you move away! The gnoll closely misses you.
The gnoll is no longer more vulnerable to fire.
The gnoll attacks as you move away! The gnoll hits you with a +0 flail!
* * * LOW HITPOINT WARNING * * *
The gnoll throws a throwing net.
The throwing net hits you.
You become entangled in the net!
You see here a throwing net.
You tear a large gash into the net.
The gnoll barely misses you.
You struggle against the net.
The gnoll hits you with a +0 flail!
You die...

...##...# ##...###...## .#
...#..... # #.....#.###.# .
....# ..#.. #. #...# ..# ..
....##### ..#.. #####...#
..# ##
....#...#...#...#...#...#
..# ####.....#.###
#.....#.###.#.
##...###...###...###...###.
##.###.#.....#.###.#.....#
#...#..)# #.@.#...#...#..
#...#...#####.g.#...##### .
##...#...#...#g..#.†.#
#.#.###.#....g#.###.#v....
#.##...###g..###(.)###...#
#.#.....#.###.#.....# ###.#
#..#...#..:#...#...#...# .
#..#####.)$#...#####...#
#..#...#...#...# ..#


You could see 3 gnolls.

Vanquished Creatures
  Pargi (Sewer)
  An orc priest (D:3)
  A gnoll (D:4)
  2 adders (D:2)
  An ufetubus (D:4)
  2 worms
  2 dart slugs
  3 orcs
  11 endoplasms
  2 giant cockroaches
  9 hobgoblins
  3 jackals (D:2)
  3 quokkas
  12 ball pythons
  3 bats
  4 frilled lizards
  5 goblins
  7 kobolds
  7 rats
79 creatures vanquished.

Vanquished Creatures (others)
  107 foxfires
107 creatures vanquished.

Grand Total: 186 creatures vanquished

Notes
Turn   | Place    | Note
-------+----------+-------------------------------------------
     0 | D:1      | croobank the Octopode Fire Elementalist began the quest for
                  | the Orb.
     0 | D:1      | Reached XP level 1. HP: 11/11 MP: 3/3
   159 | D:1      | Reached XP level 2. HP: 13/17 MP: 1/5
   162 | D:1      | Learned a level 2 spell: Scorch
   233 | D:1      | Reached skill level 3 in Stealth
   738 | D:1      | Reached XP level 3. HP: 21/21 MP: 2/6
  1104 | D:1      | Found a faded altar of an unknown god.
  1745 | D:2      | Reached XP level 4. HP: 27/27 MP: 3/7
  1880 | D:2      | Identified the +0 morningstar "Ywusok" {freeze, Drain rC++
                  | Will+}
  2554 | D:3      | Reached skill level 4 in Stealth
  2554 | D:3      | Reached XP level 5. HP: 31/31 MP: 1/9
  2809 | D:4      | Learned a level 4 spell: Flame Wave
  2907 | D:4      | Found Ynilyjyb's Armour Emporium.
  2977 | D:4      | Found a staircase to the Ecumenical Temple.
  2983 | Temple   | Entered the Ecumenical Temple
  3158 | Temple   | Became a worshipper of Vehumet
  3239 | D:4      | Found a glowing drain.
  3257 | Sewer    | Entered a sewer
  3447 | Sewer    | Noticed Pargi
  3450 | Sewer    | Killed Pargi
  3451 | Sewer    | Reached skill level 1 in Maces & Flails
  3451 | Sewer    | Reached XP level 6. HP: 36/36 MP: 4/10
  3615 | D:4      | Found a glowing silver altar of Zin.
  3691 | D:4      | HP: 1/36 [gnoll/+0 flail (12)]
  3693 | D:4      | Mangled by a gnoll

Illustrated notes

Levels and vault maps discovered:
D:1:      mrwooster_arrival_statue_2, layout_basic,
          ebering_ecumenical_altar_hall
D:2:      minmay_skewed_foursquare, layout_basic, minivault_14,
          minmay_split_cup_small
D:3:      layout_rooms, bh_walls_and_bars
D:4:      nicolae_cairo_tiling, layout_loops_ring, doesnt_xom_only_xom,
          minmay_temple_entry_fiery, cheibrodos_sewer_entry_bend,
          nicolae_inconvenience_store
Temple:   eino_temple_rhombus

Skill      XL: |  1  2  3  4  5 |
---------------+----------------+-----
Stealth        | 3 4 |  4.5
Conjurations   | 2 |  2.4
Maces & Flails | 1 |  1.3
Dodging        | 3 |  3.1
Spellcasting   | 3 |  3.0
Fire Magic     | |  3.8

Action                   |  1- 3 |  4- 6 || total
-------------------------+-------+-------++-------
Melee: Unarmed           |     4 |       ||     4
       Dagger            |    11 |     1 ||    12
       Constrict         |     2 |     3 ||     5
       Tentacles         |     3 |     2 ||     5
       Morningstar       |       |    16 ||    16
 Cast: Foxfire           |    45 |    18 ||    63
       Scorch            |     8 |    21 ||    29
  Use: Scroll            |       |    11 ||    11
       Potion            |       |     1 ||     1
 Stab: Sleeping          |       |     6 ||     6
Armor: Skin              |     3 |       ||     3
Dodge: Dodged            |    12 |    13 ||    25

Table legend: (Time is in decaauts)
 A = Elapsed time spent in this place.
 B = Non-inter-level travel time spent in this place.
 C = Inter-level travel time spent in this place.
 D = Time resting spent in this place.
 E = Time spent auto-exploring this place.
 F = Levels seen in this place.
 G = Mean time per level.
                   A        B        C        D        E       F      G
               +--------+--------+--------+--------+--------+-----+--------+
         Total |   3700 |   3585 |    115 |     53 |   2734 |   6 |  616.7 |
       Dungeon |   3190 |   3115 |     75 |     53 |   2324 |   4 |  797.5 |
        Temple |    191 |    151 |     40 |      0 |    138 |   1 |  191.0 |
         Sewer |    318 |    318 |      0 |      0 |    272 |   1 |  318.0 |
               +--------+--------+--------+--------+--------+-----+--------+

Top non-repeatable levels by time:
     D:1: 1278 daAuts
     D:2: 950 daAuts
     D:3: 573 daAuts
     D:4: 387 daAuts
   Sewer: 318 daAuts
  Temple: 191 daAuts
